[Event "Team 45 45 League T45"]
[Site "Internet Chess Club"]
[Date "2010.06.27"]
[Round "8"]
[White "Seaborgium"]
[Black "QueensCounselor"]
[Result "1/2-1/2"]
[WhiteElo "2133"]
[BlackElo "2143"]
[Opening "QGD: Orthodox defense"]
[ECO "D63"]
[Time "13:03:28"]
[TimeControl "2700+45"]

1. Nf3 d5 2. d4 Nf6 3. c4 e6 4. Nc3 Be7 5. Bg5 O-O 6. e3 Nbd7 7. Rc1 c6 8. cxd5
exd5 9. Bd3 Re8 10. O-O Ne4 11. Bxe7 Qxe7 12. Qc2 Ndf6 13. Ne5 Nxc3 14. bxc3 Bd7
15. c4 dxc4 16. Bxc4 Be6 17. Bd3 g6 18. Qb2 Nd5 19. Rb1 Rab8 20. Rfc1 Nb6 21.
Qc2 Qa3 22. Qc5 Qxc5 23. Rxc5 f6 24. Nc4 Nxc4 25. Bxc4 Kf7 26. a4 Rec8 27. Kf1
b6 28. Bxe6+ Kxe6 29. Rc3 Rc7 30. Ke2 f5 31. a5 Kd5 32. Kd3 Rcb7 33. Rcb3 b5 34.
Rc1 Kd6 35. Rc5 Re8 36. h4 a6 37. Rbc3 Rc7 38. Rc1 Re4 39. g3 Re8 40. R1c2 Rec8
41. Rc1 Re8 42. h5 Rh8 43. Rh1 Re8 44. hxg6 hxg6 45. Rh6 Re6 46. Rh8 Ree7 47.
Rh6 Re6 48. Rh8 Ree7 49. Rh6 Re6 50. Kc3 Rg7 51. Kb4 Rc7 52. Rh8 Ree7 53. Rh6
Re6 54. Rh8 {Game drawn by mutual agreement} 1/2-1/2

[Event "Team 45 45 League T45"]
[Site "Internet Chess Club"]
[Date "2010.06.26"]
[Round "8"]
[White "taldeital"]
[Black "SCUGrad"]
[Result "1-0"]
[WhiteElo "1496"]
[BlackElo "1499"]
[Opening "Torre attack (Tartakower variation)"]
[ECO "D03"]
[Time "19:13:54"]
[TimeControl "2700+45"]

1. d4 d5 2. Nf3 Nf6 3. Bg5 Bf5 4. e3 h6 5. Bh4 g5 6. Bg3 e6 7. c3 Ne4 8. Be2
Nxg3 9. hxg3 Bd6 10. Qb3 Qc8 11. Nxg5 Nd7 12. Qd1 c5 13. Bd3 Bxd3 14. Qxd3 Ke7
15. Nf3 Nf6 16. Nbd2 Qc7 17. dxc5 Bxc5 18. Nb3 Bd6 19. Nbd4 a6 20. Ne2 Ng4 21.
a3 b5 22. Nf4 Rab8 23. Rh4 f5 24. Ng6+ Kd7 25. Nxh8 Rxh8 26. Qd4 Rg8 27. Rh3 Qc6
28. Qa7+ Bc7 29. Rxh6 Kd8 30. Nd4 Qc4 {Black resigns} 1-0

[Event "Team 45 45 League T45"]
[Site "Internet Chess Club"]
[Date "2010.06.28"]
[Round "8"]
[White "Mark-SF"]
[Black "dscvdchk"]
[Result "1-0"]
[WhiteElo "1471"]
[BlackElo "1492"]
[Opening "Petrov: French attack"]
[ECO "C42"]
[Time "12:02:26"]
[TimeControl "2700+45"]

1. e4 e5 2. Nf3 Nf6 3. Nxe5 d6 4. Nf3 Nxe4 5. d3 Nf6 6. Nc3 h6 7. d4 d5 8. Bd3
Be7 9. O-O O-O 10. Bf4 c6 11. Re1 Be6 12. Ne2 Nh5 13. Be5 Bf6 14. h3 Bxe5 15.
dxe5 c5 16. c3 Nc6 17. Qd2 f5 18. b4 b6 19. Nf4 Nxf4 20. Qxf4 Ne7 21. b5 Ng6 22.
Qd2 Nh4 23. Be2 f4 24. a4 Nxf3+ 25. Bxf3 Rb8 26. Rad1 Qe7 27. Bxd5 Bxd5 28.
Qxd5+ Kh8 29. Qc6 Qh4 30. Rd7 f3 31. Qg6 Qg5 32. Qxg5 hxg5 33. e6 Rfe8 34. gxf3
Ra8 35. Kg2 Kh7 36. Kg3 Kg6 37. f4 gxf4+ 38. Kxf4 Kf6 39. Rf7+ Kg6 40. Rg1+ Kh5
41. Rfxg7 Rxe6 42. Rh7+ Rh6 43. Rg5+ {Black resigns} 1-0

[Event "Team 45 45 League T45"]
[Site "Internet Chess Club"]
[Date "2010.06.28"]
[Round "8"]
[White "IanT"]
[Black "AlPearson"]
[Result "0-1"]
[WhiteElo "1408"]
[BlackElo "1511"]
[Opening "Alekhine's defense"]
[ECO "B03"]
[Time "08:19:03"]
[TimeControl "2700+45"]

1. e4 Nf6 2. e5 Nd5 3. d4 d6 4. f4 dxe5 5. fxe5 Nc6 6. Nf3 Bg4 7. Be3 Nxe3 8.
Qe2 Nxf1 9. Rxf1 Nxd4 10. Qe4 Nxf3+ 11. gxf3 Bh3 12. Rf2 c6 13. Rd2 Qb6 14. Qd4
Qxd4 15. Rxd4 Rd8 16. Rb4 Rd7 17. Nc3 e6 18. Rh4 Bf5 19. Rc1 Be7 20. Ra4 Bg5 21.
Rxa7 Bxc1 22. Ra8+ Rd8 {White resigns} 0-1

[Event "Team 45 45 League T45"]
[Site "Internet Chess Club"]
[Date "2010.06.27"]
[Round "8"]
[White "TheronUAL"]
[Black "GiulioCre"]
[Result "1-0"]
[WhiteElo "1430"]
[BlackElo "1356"]
[Opening "Sicilian: Alapin's variation (2.c3)"]
[ECO "B22"]
[Time "08:02:50"]
[TimeControl "2700+45"]

1. e4 c5 2. c3 e6 3. d4 d5 4. exd5 Qxd5 5. Nf3 Nf6 6. Bd3 cxd4 7. O-O dxc3 8.
Nxc3 Qd8 9. Re1 Be7 10. Bf4 Nbd7 11. Rc1 O-O 12. Nb5 Qb6 13. Nc7 Bc5 14. Rxc5
Nxc5 15. Nxa8 Qxb2 16. Re2 Qb4 17. Bd6 Rd8 18. Bxc5 Rxd3 19. Qxd3 Qxc5 20. Qd8+
Qf8 21. Qxf8+ Kxf8 22. Rd2 Nd5 23. Nc7 Ke7 24. Nxd5+ Kd6 25. Nb6+ Kc7 26. Nxc8
Kxc8 27. Ne5 {Black resigns} 1-0

[Event "Team 45 45 League T45"]
[Site "Internet Chess Club"]
[Date "2010.06.25"]
[Round "8"]
[White "Tamarin"]
[Black "joshtournman"]
[Result "1-0"]
[WhiteElo "1704"]
[BlackElo "1501"]
[Opening "QGD: Lasker variation"]
[ECO "D53"]
[Time "19:00:07"]
[TimeControl "2700+45"]

1. d4 d5 2. c4 e6 3. Nc3 Nf6 4. Bg5 Be7 5. e3 Ne4 6. Bxe7 Qxe7 7. Bd3 Qb4 8.
Bxe4 dxe4 9. Qa4+ Qxa4 10. Nxa4 b6 11. Ne2 O-O 12. O-O f5 13. Rfd1 Bd7 14. Nac3
Na6 15. a3 Rad8 16. b4 c5 17. b5 cxd4 18. Rxd4 Nc5 19. Rad1 Nd3 20. f3 exf3 21.
R1xd3 fxe2 22. Nxe2 Rf7 23. Rd6 Re7 24. Nd4 Rc8 25. Nxf5 exf5 26. Rxd7 Rxd7 27.
Rxd7 Rxc4 28. Rxa7 Rc1+ 29. Kf2 Rc2+ 30. Kf3 Rb2 31. a4 g5 32. h3 g4+ 33. hxg4
fxg4+ 34. Kxg4 Rxg2+ 35. Kf3 Rg6 36. Ra6 Rf6+ 37. Ke2 h5 38. a5 Rf5 39. Rxb6 h4
40. a6 Rc5 41. a7 Rc2+ 42. Kf3 Ra2 43. Rb8+ {Black resigns} 1-0

[Event "Team 45 45 League T45"]
[Site "Internet Chess Club"]
[Date "2010.06.23"]
[Round "8"]
[White "OGO"]
[Black "sdcohle"]
[Result "0-1"]
[WhiteElo "1513"]
[BlackElo "1365"]
[Opening "French: exchange variation"]
[ECO "C01"]
[Time "12:30:09"]
[TimeControl "2700+45"]

1. e4 e6 2. d4 d5 3. exd5 exd5 4. Bf4 Nf6 5. Nf3 Bd6 6. Bxd6 Qxd6 7. Be2 O-O 8.
O-O Nc6 9. Nbd2 Re8 10. Nb3 Bg4 11. c3 Re7 12. Qc2 Rae8 13. Rae1 Bxf3 14. gxf3
Nh5 15. Nc1 Nf4 16. Kh1 Qf6 17. Rg1 Nxe2 18. Rxe2 Qxf3+ 19. Rg2 Rxe2 20. Nxe2
Rxe2 21. Qd1 Rxf2 22. Qxf3 Rxf3 23. Re2 Kf8 24. Kg2 Rf6 25. h3 Re6 26. Rf2 Ne7
27. Kg3 Rg6+ 28. Kh2 Rf6 29. Re2 Re6 30. Rf2 Ng6 31. Kg3 Rf6 32. Re2 Ne7 33. Re5
c6 34. b3 Re6 35. Kf4 Rxe5 36. Kxe5 f6+ 37. Kd6 f5 38. Ke5 Kf7 {White resigns}
0-1

[Event "Team 45 45 League T45"]
[Site "Internet Chess Club"]
[Date "2010.06.25"]
[Round "8"]
[White "MateIn42"]
[Black "KidCopperhead"]
[Result "1-0"]
[WhiteElo "1424"]
[BlackElo "1391"]
[Opening "Philidor: exchange variation"]
[ECO "C41"]
[Time "20:30:09"]
[TimeControl "2700+45"]

1. e4 e5 2. Nf3 d6 3. d4 exd4 4. Nxd4 Nf6 5. Nc3 c5 6. Bb5+ Bd7 7. Bxd7+ Qxd7 8.
Nf3 Nc6 9. O-O g6 10. Bf4 Bg7 11. Qxd6 Qxd6 12. Bxd6 O-O-O 13. Bxc5 Rde8 14.
Rfe1 Ne5 15. Nxe5 Rxe5 16. Bd4 Ree8 17. Rad1 Rhg8 18. Bxa7 Nd7 19. Bd4 f5 20.
Bxg7 Rxg7 21. exf5 Rxe1+ 22. Rxe1 gxf5 23. Nd5 Nc5 24. Ne7+ Kb8 25. Nxf5 Rd7 26.
Ne3 Ka7 27. Rd1 Rc7 28. f4 Re7 29. Nd5 Re2 30. f5 Rxc2 31. f6 Rxb2 32. Nf4 Rb6
33. Nd5 Rd6 34. f7 Rd8 35. Rf1 Ne6 36. Re1 Nf8 37. Re8 Rxd5 38. Rxf8 Rd1+ 39.
Kf2 Rd2+ 40. Ke3 Rxa2 41. Rd8 Ra3+ 42. Rd3 Ra2 43. f8=Q Rxg2 44. Ra3+ Kb6 45.
Qb4+ Kc7 46. Rc3+ Kb8 47. Qf4+ Ka7 48. Rc7 Rg6 49. Qf7 Rb6 50. Qa2+ Ra6 51.
Qxa6+ Kxa6 52. Rxh7 b5 53. h4 Ka5 54. Rb7 Ka4 55. h5 b4 56. h6 Ka3 57. h7 b3 58.
h8=Q Ka2 59. Qh2+ b2 60. Qxb2# {Black checkmated} 1-0

[Event "Team 45 45 League T45"]
[Site "Internet Chess Club"]
[Date "2010.06.26"]
[Round "8"]
[White "Skylab"]
[Black "dabodhi"]
[Result "1-0"]
[WhiteElo "1309"]
[BlackElo "1266"]
[Opening "QGD Slav defense"]
[ECO "D10"]
[Time "15:00:10"]
[TimeControl "2700+45"]

1. d4 d5 2. c4 c6 3. e3 Bf5 4. Nf3 Nd7 5. Be2 Ngf6 6. Nc3 e6 7. Qb3 Qc7 8. cxd5
Nxd5 9. Nxd5 cxd5 10. Bd2 Bd6 11. Rc1 Qd8 12. Qxb7 Rb8 13. Qc6 Be7 14. Qc7 Rxb2
15. Qxa7 O-O 16. O-O Nf6 17. Bc3 Rxe2 18. Ba5 Qd6 19. Bc7 Qb4 20. Ba5 Qb2 21.
Qxe7 Rxf2 22. Rxf2 Qxc1+ 23. Rf1 Qxe3+ 24. Kh1 Ng4 25. Bb4 Nf2+ 26. Rxf2 h6 27.
Qxf8+ Kh7 28. Rf1 Qe2 29. Re1 Qf2 30. Qxf7 Bh3 31. gxh3 Qxa2 32. Rg1 {Black
resigns} 1-0

[Event "Team 45 45 League T45"]
[Site "Internet Chess Club"]
[Date "2010.06.27"]
[Round "8"]
[White "juniorVishy"]
[Black "crazyhorses"]
[Result "1-0"]
[WhiteElo "1516"]
[BlackElo "1490"]
[Opening "QGA: 3.e4"]
[ECO "D20"]
[Time "14:00:14"]
[TimeControl "2700+45"]

1. d4 d5 2. c4 dxc4 3. e4 e5 4. d5 c6 5. Bxc4 Nf6 6. Nc3 cxd5 7. exd5 Bc5 8.
Nge2 O-O 9. O-O a6 10. a4 Nbd7 11. Bg5 Qc7 12. Bb3 h6 13. Be3 Ng4 14. Bxc5 Nxc5
15. Ba2 b6 16. d6 Qd7 17. Ng3 Nf6 18. b4 Nb7 19. Nce4 Nxe4 20. Nxe4 Rd8 21. Qd5
Rb8 22. Rac1 Kh8 23. Qxe5 Qxa4 24. Bxf7 Qxb4 25. Rfd1 Qa4 26. h3 Bd7 27. Ng3 Nc5
28. Nh5 {Black resigns} 1-0

[Event "Team 45 45 League T45"]
[Site "Internet Chess Club"]
[Date "2010.06.27"]
[Round "8"]
[White "RayF"]
[Black "ryan2chess"]
[Result "1-0"]
[WhiteElo "1722"]
[BlackElo "1599"]
[Opening "Nimzo-Indian: 4.e3, main line with ...c5"]
[ECO "E53"]
[Time "09:00:22"]
[TimeControl "2700+45"]

1. d4 Nf6 2. c4 e6 3. Nc3 Bb4 4. Nf3 O-O 5. e3 d5 6. Bd3 c5 7. O-O cxd4 8. exd4
dxc4 9. Bxc4 h6 10. Bf4 Nc6 11. Re1 Re8 12. Qd3 Na5 13. Bb5 Bd7 14. Rac1 a6 15.
Bxd7 Qxd7 16. Ne5 Qe7 17. a3 Bxc3 18. bxc3 Nd5 19. Bg3 Nc6 20. Nxc6 bxc6 21. c4
Nb6 22. Rb1 Nc8 23. Qf3 Na7 24. Rb6 c5 25. Bd6 Qd7 26. Bxc5 Qc8 27. Rb7 Nc6 28.
Qxf7+ Kh7 29. Qxg7# {Black checkmated} 1-0

[Event "Team 45 45 League T45"]
[Site "Internet Chess Club"]
[Date "2010.06.26"]
[Round "8"]
[White "rook9999"]
[Black "seattleblues"]
[Result "1-0"]
[WhiteElo "1664"]
[BlackElo "1297"]
[Opening "French: exchange variation"]
[ECO "C01"]
[Time "20:30:06"]
[TimeControl "2700+45"]

1. e4 e6 2. d4 d5 3. exd5 exd5 4. Nc3 Nf6 5. Nf3 Nc6 6. Bb5 Bd7 7. Ne5 a6 8.
Nxc6 Bxc6 9. Bxc6+ bxc6 10. Bg5 Be7 11. O-O O-O 12. Re1 Re8 13. Qf3 Ne4 14. Bxe7
Rxe7 15. Nxe4 dxe4 16. Rxe4 Rxe4 17. Qxe4 Qd5 18. Re1 Qxe4 19. Rxe4 Kf8 20. Kf1
Re8 21. Rxe8+ Kxe8 22. Ke2 Kd7 23. c4 c5 24. dxc5 Kc6 25. b4 f5 26. Kd3 g5 27.
Kd4 h5 28. a4 g4 29. a5 f4 30. Ke4 f3 31. gxf3 Kd7 32. fxg4 c6 33. gxh5 Ke6 34.
f4 Kf6 35. f5 Kg5 36. Ke5 Kxh5 37. f6 Kg6 38. Ke6 Kh7 39. f7 {Black resigns} 1-0

[Event "Team 45 45 League T45"]
[Site "Internet Chess Club"]
[Date "2010.06.27"]
[Round "8"]
[White "Conjurer"]
[Black "mmf00"]
[Result "0-1"]
[WhiteElo "1294"]
[BlackElo "1564"]
[Opening "English: Bremen system, Keres variation"]
[ECO "A23"]
[Time "12:00:19"]
[TimeControl "2700+45"]

1. c4 e5 2. Nc3 Nf6 3. g3 c6 4. Bg2 d5 5. cxd5 cxd5 6. Nf3 Nc6 7. d4 e4 8. Ng5
Be7 9. Bf4 Qb6 10. e3 Qxb2 11. Ne2 Bb4+ 12. Kf1 Bg4 13. h3 Bxe2+ 14. Qxe2 Qxa1+
{White resigns} 0-1

[Event "Team 45 45 League T45"]
[Site "Internet Chess Club"]
[Date "2010.06.26"]
[Round "8"]
[White "oldsj"]
[Black "jrichman38"]
[Result "1-0"]
[WhiteElo "1655"]
[BlackElo "1724"]
[Opening "Caro-Kann: Panov-Botvinnik attack"]
[ECO "B13"]
[Time "09:00:11"]
[TimeControl "2700+45"]

1. e4 c6 2. d4 d5 3. exd5 cxd5 4. c4 Nf6 5. Nc3 Nc6 6. Bg5 Be6 7. c5 g6 8. Nf3
Bg4 9. Bb5 Ne4 10. Bf4 Bg7 11. h3 Bxf3 12. Qxf3 O-O 13. Bxc6 bxc6 14. Nxe4 dxe4
15. Qxe4 Qxd4 16. Qxd4 Bxd4 17. Rb1 e5 18. Be3 Bxe3 19. fxe3 Rfd8 20. Ke2 a5 21.
Rhd1 Rab8 22. Rd6 Rxd6 23. cxd6 Rd8 24. Rd1 Rd7 25. Rd3 f6 26. Kd2 Kf7 27. Kc3
Ke6 28. Kb3 Rxd6 29. Rxd6+ Kxd6 30. Ka4 f5 31. Kxa5 Kc5 32. b4+ Kc4 33. a4 f4
34. e4 Kd3 35. Kb6 Kxe4 36. a5 Kd3 37. a6 e4 38. a7 e3 39. a8=Q e2 40. Qd8+ Ke3
41. Qe7+ Kf2 42. Kxc6 e1=Q 43. Qxe1+ Kxe1 44. b5 Kf2 45. b6 Kxg2 46. b7 f3 47.
b8=Q f2 48. Qb2 Kg3 49. Qc3+ Kg2 50. Qd2 Kf3 51. Qd5+ Ke2 52. Qe4+ Kd2 53. Qf3
Ke1 54. Qe3+ Kf1 55. Kd5 Kg2 56. Qe2 Kg1 57. Qg4+ Kh2 58. Qf3 Kg1 59. Qg3+ Kf1
60. Ke4 {Black resigns} 1-0

[Event "Team 45 45 League T45"]
[Site "Internet Chess Club"]
[Date "2010.06.28"]
[Round "8"]
[White "scottrugby"]
[Black "beerss"]
[Result "0-1"]
[WhiteElo "1401"]
[BlackElo "1403"]
[Opening "Philidor: Improved Hanham variation"]
[ECO "B07"]
[Time "13:17:49"]
[TimeControl "2700+45"]

1. e4 d6 2. d4 Nf6 3. Nc3 Nbd7 4. Nf3 e5 5. dxe5 dxe5 6. Bg5 Be7 7. Nd5 Bd6 8.
Nh4 c6 9. Nxf6+ Nxf6 10. Nf5 Bxf5 11. exf5 O-O 12. Bc4 Re8 13. O-O Qe7 14. c3
Rad8 15. Qb3 b5 16. Bd3 e4 17. Rfe1 Qe5 18. Bxf6 Qxh2+ 19. Kf1 Qh1+ 20. Ke2
exd3+ 21. Kxd3 Rxe1 22. Rxe1 Qxe1 23. Bxd8 Qxf2 24. Qd1 Qxf5+ 25. Ke3 Bc5+ 26.
Kd2 h6 27. b4 Bd6 28. Kc1 Be5 29. Kb2 a6 30. g4 Qf2+ 31. Kb3 Qg3 32. Qd2 Qxg4
33. Bb6 Bf6 34. Qe3 Qc4+ 35. Kb2 Bg5 36. Qe8+ Kh7 37. Bd4 Qe6 38. Qf8 Qe2+ 39.
Kb3 Qd1+ 40. Kb2 Bc1+ 41. Kb1 Ba3# {White checkmated} 0-1

[Event "Team 45 45 League T45"]
[Site "Internet Chess Club"]
[Date "2010.06.29"]
[Round "8"]
[White "moreffee"]
[Black "Rapidcitychess"]
[Result "0-1"]
[WhiteElo "1213"]
[BlackElo "1398"]
[Opening "Sicilian: Smith-Morra gambit"]
[ECO "B21"]
[Time "14:00:36"]
[TimeControl "2700+45"]

1. e4 c5 2. d4 cxd4 3. c3 dxc3 4. Nxc3 e6 5. Nf3 a6 6. Be3 Nc6 7. Bd3 Be7 8. O-O
d6 9. Qe2 Nf6 10. Rfd1 Qc7 11. Rac1 O-O 12. Na4 Nd7 13. Bg5 Bxg5 14. Nxg5 h6 15.
Nf3 Nb6 16. Nc3 Bd7 17. Qd2 Nc8 18. Ne2 Rd8 19. Nf4 Qa5 20. Qc2 Nb4 21. Qc3 b6
22. Bb1 Nc6 23. Qd3 b5 24. e5 Nxe5 25. Qh7+ Kf8 26. Nxe5 dxe5 27. Qh8+ Ke7 28.
Ng6+ Kf6 29. Nf8 Nb6 30. Nxd7+ Nxd7 31. Qh7 Nb6 32. Qe4 Nc4 33. b4 Qc7 34. a3
Rxd1+ 35. Rxd1 Rd8 36. Rxd8 Qxd8 37. h3 Qd1+ 38. Kh2 Nd2 39. Bd3 Nxe4 {White
resigns} 0-1

[Event "Team 45 45 League T45"]
[Site "Internet Chess Club"]
[Date "2010.06.28"]
[Round "8"]
[White "Aquaman"]
[Black "chips"]
[Result "1-0"]
[WhiteElo "1293"]
[BlackElo "1218"]
[Opening "Réti: King's Indian attack (Barcza system)"]
[ECO "A07"]
[Time "15:48:54"]
[TimeControl "2700+45"]

1. Nf3 d5 2. g3 Nf6 3. Bg2 Bf5 4. O-O e6 5. d3 h6 6. Nbd2 Be7 7. c3 O-O 8. Re1
Nbd7 9. e4 Bh7 10. e5 Ng4 11. d4 h5 12. h3 Nh6 13. Nh2 g6 14. Ndf3 Nf5 15. h4 c5
16. Bg5 cxd4 17. Bxe7 Qxe7 18. cxd4 Qb4 19. b3 a5 20. a3 Qb6 21. Nf1 Qd8 22. Ne3
Ne7 23. Ng5 Nc6 24. Bh3 Qb6 25. Nxe6 Rfe8 26. Nxd5 Qa7 27. Nec7 Nb6 28. Nxb6
Qxb6 29. Nxe8 Qxd4 30. Nf6+ Kg7 31. Qxd4 Nxd4 32. Re4 Nxb3 33. Rd1 Nc5 34. Re3
Na4 35. Nxh7 Kxh7 36. e6 fxe6 37. Rxe6 Nc5 38. Re7+ Kh6 39. Rc7 b6 40. Rc6 Rb8
41. Rdd6 Rg8 42. Rxb6 Ne4 43. Rdc6 Kh7 44. Rb7+ Kh6 45. Bf5 Nd2 46. Kg2 Nb3 47.
Rxb3 a4 48. Rb4 Rg7 49. Rxa4 Kh7 50. Be4 Kh6 51. Raa6 Rg8 52. Rxg6+ Kh7 53. Rg5+
Kh8 54. Rh6# {Black checkmated} 1-0